 Dungeon Crawl Stone Soup version 0.29-a0-334-gb41bcbb86e (webtiles) character file.

Game seed: 13349964391781773236

13 Cecur the Slasher (level 2, -1/22 HPs)
             Began as a Demonspawn Gladiator on Apr 15, 2022.
             Was a Follower of Trog.
             Killed from afar by a dart slug (6 damage)
             ... with a slug dart
             ... on level 1 of the Dungeon.
             The game lasted 00:00:34 (603 turns).

Cecur the Slasher (Demonspawn Gladiator)             Turns: 603, Time: 00:00:34

Health: -1/22      AC:  4    Str: 14    XL:     2   Next: 24%
Magic:  2/2        EV: 12    Int:  9    God:    Trog [*.....]
Gold:   14         SH:  0    Dex: 14    Spells: 1/1 levels left

rFire   . . .      SeeInvis .   a - +0 long sword
rCold   . . .      Faith    .   (no shield)
rNeg    . . .      Spirit   .   b - +0 leather armour
rPois   .          Reflect  .   c - +0 helmet
rElec   .          Harm     .   (no cloak)
rCorr   .          Rampage  .   (no gloves)
Will    .....                   (no boots)
Stlth   +.........              (no amulet)
HPRegen 0.07/turn               (no ring)
MPRegen 0.08/turn               (no ring)

@: no status effects
A: claws 1
a: Renounce Religion, Berserk


You were on level 1 of the Dungeon.
You worshipped Trog.
Trog was aware of your devotion.
You visited 1 branch of the dungeon, and saw 1 of its levels.

You collected 14 gold pieces.

Inventory:

Hand Weapons
 a - a +0 long sword (weapon)
Missiles
 d - 3 throwing nets (quivered)
 e - a javelin
Armour
 b - a +0 leather armour (worn)
 c - a +0 helmet (worn)
Scrolls
 g - a scroll of identify {unknown}
 h - 2 scrolls of fog {unknown}
Potions
 f - a potion of heal wounds {unknown}


   Skills:
 + Level 2.2 Fighting
 + Level 3.0 Long Blades
 + Level 1.8 Throwing
 + Level 0.2 Armour
 + Level 2.8 Dodging
 + Level 0.1 Stealth


You had one spell level left.
You didn't know any spells.
Your spell library was empty.

Dungeon Overview and Level Annotations

Branches:
Dungeon (1/15)

Altars:
Trog


Innate Abilities, Weirdness & Mutations

You have sharp fingernails.


Message History

The quokka bites you but does no damage.
The quokka closely misses you. The dart slug bites you.
The quokka barely misses you. The quokka misses you.
The dart slug barely misses you. The quokka closely misses you.
The dart slug closely misses you.
The quokka bites you but does no damage.
The quokka barely misses you. The dart slug misses you. The quokka bites you.
The quokka bites you.
The dart slug bites you but does no damage.
The quokka completely misses you. The quokka barely misses you.
The dart slug closely misses you. The quokka barely misses you.
The dart slug launches a dart at you. The slug dart hits you.
The quokka bites you. The quokka barely misses you.
The dart slug launches a dart at you. The slug dart misses you.
The slug dart hits the quokka.
The quokka dies!
The dart slug barely misses you. The dart slug launches a dart at you.
The slug dart hits you but does no damage.
The dart slug closely misses you. The dart slug closely misses you.
The dart slug launches a dart at you. The slug dart misses you.
The dart slug launches a dart at you. The slug dart misses you.
The dart slug bites you but does no damage.
The dart slug launches a dart at you. The slug dart misses you.
The dart slug launches a dart at you.
The slug dart hits you but does no damage.
The dart slug launches a dart at you. The slug dart misses you.
The dart slug launches a dart at you. The slug dart hits you.
* * * LOW HITPOINT WARNING * * *
The dart slug launches a dart at you. The slug dart hits you.
You die...

.#....P..###
#.......>.#..P..P..###
+.........+.P..P♣P....
.........##.._..P####
....... #..♣...# .....
##.PP.## ... ##...###
#'# #.....# #@#
#####.# ###w#### #.#
.#......# #.#
#.....#.# #.#
#........# #.#
#.##....#.#########.#
# #.#..............#
#.####.########### #.
#.#


You could see a dart slug.

Vanquished Creatures
  A giant cockroach (D:1)
  4 goblins (D:1)
  2 ball pythons (D:1)
  2 bats (D:1)
  2 frilled lizards (D:1)
  2 rats (D:1)
13 creatures vanquished.

Vanquished Creatures (others)
  A quokka (D:1)
  A withered plant (D:1)
2 creatures vanquished.

Grand Total: 15 creatures vanquished

Notes
Turn   | Place    | Note
-------+----------+-------------------------------------------
     0 | D:1      | Cecur the Demonspawn Gladiator began the quest for the Orb.
     0 | D:1      | Reached XP level 1. HP: 16/16 MP: 1/1
   369 | D:1      | Gained mutation: You have sharp fingernails. [demonic
                  | ancestry]
   369 | D:1      | Reached XP level 2. HP: 21/22 MP: 2/2
   504 | D:1      | Found a faded altar of an unknown god.
   510 | D:1      | Reached skill level 3 in Long Blades
   521 | D:1      | Prayed at the altar of an unknown god.
   521 | D:1      | Became a worshipper of Trog the Wrathful
   521 | D:1      | Reached * piety under Trog
   603 | D:1      | Killed from afar by a dart slug

Illustrated notes

Levels and vault maps discovered:
D:1:      dpeg_arrival_leaves_temple_mockup, layout_loops_corners,
          ebering_ecumenical_altar_petrified, chequers_serial_rivers_small_3

Skill      XL: |  1  2 |
---------------+-------+-----
Long Blades    | 3 |  3.0
Fighting       | |  2.2
Throwing       | |  1.8
Armour         | |  0.2
Dodging        | |  2.8
Stealth        | |  0.1

Action                   || total
-------------------------++-------
Melee: Long sword        ||    34
 Stab: Sleeping          ||     1
Armor: Leather armour    ||    21
Dodge: Dodged            ||    49

Table legend: (Time is in decaauts)
 A = Elapsed time spent in this place.
 B = Non-inter-level travel time spent in this place.
 C = Inter-level travel time spent in this place.
 D = Time resting spent in this place.
 E = Time spent auto-exploring this place.
 F = Levels seen in this place.
 G = Mean time per level.
                   A        B        C        D        E       F      G
               +--------+--------+--------+--------+--------+-----+--------+
         Total |    614 |    614 |      0 |      0 |    462 |   1 |  614.0 |
       Dungeon |    614 |    614 |      0 |      0 |    462 |   1 |  614.0 |
               +--------+--------+--------+--------+--------+-----+--------+

Top non-repeatable levels by time:
     D:1: 614 daAuts
